 Dungeon Crawl Stone Soup version 0.21-a0-213-gae198ad (webtiles) character file.

128 Nvm9 the Skirmisher (level 4, 0/37 HPs)
             Began as a Demonspawn Fighter on Aug 22, 2017.
             Slain by Jessica
             ... wielding a cursed +0 dagger
              (1 damage)
             ... while paralysed by Grinder
             ... on level 3 of the Dungeon.
             The game lasted 00:02:57 (1636 turns).

Nvm9 the Skirmisher (Demonspawn Fighter)            Turns: 1636, Time: 00:02:57

Health: 0/37       AC:  8    Str: 17    XL:     4   Next: 86%
Magic:  4/4        EV:  2    Int: 10    God:
Gold:   129        SH:  0    Dex: 12    Spells: 3/3 levels left

rFire    . . .     SeeInvis .   a - +2 long sword
rCold    . . .     Gourm    .   c - +0 shield
rNeg     . . .     Faith    .   b - +0 scale mail
rPois    .         Spirit   .   (no helmet)
rElec    .         Reflect  .   (no cloak)
rCorr    .         Harm     .   h - +0 pair of gloves
MR       .....                  (no boots)
Stlth    +.........             (no amulet)
HPRegen  0.12/turn              (no ring)
MPRegen  0.09/turn              p - ring of stealth

@: paralysed
A: repulsion field 1, spiny 1
a: no special abilities


You were on level 3 of the Dungeon.
You were hungry.

You visited 1 branch of the dungeon, and saw 3 of its levels.

You collected 129 gold pieces.

Inventory:

Hand Weapons
 a - a +2 long sword (weapon)
Armour
 b - a +0 scale mail (worn)
 c - a +0 shield (worn)
 h - a +0 pair of gloves (worn)
 j - a +0 pair of gloves
Jewellery
 k - an uncursed ring of fire
 p - a ring of stealth (right hand)
Scrolls
 e - a scroll of recharging
 i - a scroll of amnesia
 l - a scroll of fear {unknown}
 r - 2 scrolls of magic mapping {unknown}
Potions
 d - a potion of might
 g - a potion of curing
 m - a potion of magic {unknown}
 o - 2 potions of flight {unknown}
 q - a potion of degeneration {unknown}
 s - a potion of heal wounds {unknown}
Comestibles
 f - 3 bread rations
 n - a royal jelly


   Skills:
 + Level 3.8 Fighting
 + Level 2.7 Long Blades
 * Level 3.8 Armour
 + Level 3.0 Shields


You had 3 spell levels left.
You didn't know any spells.

Dungeon Overview and Level Annotations

Branches:
Dungeon (3/15)

Altars:
Fedhas
Kikubaaqudgha

Annotations:
D:3 Grinder, Jessica


Innate Abilities, Weirdness & Mutations

You are surrounded by a mild repulsion field. (EV +2)
You are partially covered in sharp spines.


Message History

Jessica hits you but does no damage. Grinder gestures at you.
You suddenly lose the ability to move!
The giant cockroach bites you but does no damage.
The kobold throws a stone.
The stone completely misses you.
The stone barely misses Jessica.
Jessica mumbles some strange words.
Jessica blinks!
Grinder blinks!
The giant cockroach bites you but does no damage.
The giant cockroach bites you but does no damage.
Jessica hits you with a dagger.
The giant cockroach bites you but does no damage.
The kobold throws a stone.
The stone hits you but does no damage.
The giant cockroach is struck by your spines.
You kill the giant cockroach!
Jessica gestures at you while chanting. Pain shoots through your body!
* * * LOW HITPOINT WARNING * * *
Jessica hits you with a dagger.
You die...

#####..(##############
.........†.....#
#####(.(######.# ##..#
#.5# #..# #..######.#
##.())..(...
#.K@##...#.#
#.@......#
......?....#
####.###.#<## #. .# #
.. .# ♣. # .♣


You could see Grinder, Jessica and a kobold.

Vanquished Creatures
  Natasha (D:3)
  4 adders
  2 oozes (D:1)
  A worm (D:2)
  3 dart slugs
  4 giant cockroaches
  6 goblins
  10 hobgoblins
  A ball python (D:1)
  7 bats
  2 frilled lizards (D:2)
  6 kobolds
  5 rats
52 creatures vanquished.

Vanquished Creatures (others)
  A kobold (D:2)
1 creature vanquished.

Grand Total: 53 creatures vanquished

Notes
Turn   | Place    | Note
-------+----------+-------------------------------------------
     0 | D:1      | Nvm9 the Demonspawn Fighter began the quest for the Orb.
     0 | D:1      | Reached XP level 1. HP: 18/18 MP: 1/1
   380 | D:1      | Gained mutation: You are surrounded by a mild repulsion field. (EV +2) [demonic ancestry]
   380 | D:1      | Reached XP level 2. HP: 17/24 MP: 2/2
   825 | D:1      | Gained mutation: You are partially covered in sharp spines. [demonic ancestry]
   825 | D:1      | Reached XP level 3. HP: 28/29 MP: 3/3
  1255 | D:2      | Found an ancient bone altar of Kikubaaqudgha.
  1273 | D:2      | Found a blossoming altar of Fedhas.
  1349 | D:2      | Reached XP level 4. HP: 35/35 MP: 4/4
  1550 | D:3      | Noticed Natasha
  1556 | D:3      | Killed Natasha
  1622 | D:3      | Noticed Grinder
  1625 | D:3      | Noticed Jessica
  1631 | D:3      | Paralysed by Grinder for 7 turns
  1635 | D:3      | HP: 1/37 [Jessica/nerve-wracking pain (14)]
  1636 | D:3      | Slain by Jessica

Vault maps used:
D:1:      dpeg_arrival_tiny_h
D:2:      lemuel_round_altar, lemuel_doored_altar, first_bread,
          lemuel_old_faithful
D:3:      chequers_ecumenical_altar_simple_redux, minivault_23,
          amethyst_killhole, uniq_jessica, uniq_natasha, uniq_sigmund,
          uniq_grinder

Skill      XL: |  1  2  3  4 |
---------------+-------------+-----
Armour         | 3 |  3.8
Long Blades    | 2 |  2.7
Shields        | 3 |  3.0
Fighting       | |  3.8

Action                   |  1- 3 |  4- 6 || total
-------------------------+-------+-------++-------
Melee: Long sword        |   104 |    24 ||   128
  Use: Scroll            |     3 |     4 ||     7
       Potion            |     2 |       ||     2
  Eat: Chunk             |     1 |     1 ||     2
Armor: Scale mail        |    38 |    12 ||    50
Dodge: Dodged            |    29 |    18 ||    47
Block: Shield            |    53 |     8 ||    61
       Rpst.: Long sword |    11 |     6 ||    17

Table legend:
 A = Spawn XP
 B = Non-spawn XP
 C = Spawn XP percentage of total XP
 D = Spawn monster count
 E = Non-spawn monster count
 F = Spawn count percentage of total count
 G = Total turns spent on level
                    A         B        C        D         E        F      G
               +---------+---------+-------+---------+---------+-------+---------
         Total |       1 |     182 |   0.5 |       1 |      51 |   1.9 |  1636
               +---------+---------+-------+---------+---------+-------+---------
           D:1 |       1 |      47 |   2.1 |       1 |      20 |   4.8 |   961
           D:2 |       0 |      49 |   0.0 |       0 |      21 |   0.0 |   478
           D:3 |       0 |      86 |   0.0 |       0 |      10 |   0.0 |   197
               +---------+---------+-------+---------+---------+-------+---------
